 Dungeon Crawl Stone Soup version 0.30-a0-12-gd8047c6341 (webtiles) character file.

Game seed: 13795928783582888911

75 SensoryNuts the Chopper (level 4, -6/60 HPs)
             Began as a Hill Orc Monk on Aug 23, 2022.
             Killed from afar by Natasha (8 damage)
             ... with a bolt of light
             ... on level 3 of the Dungeon.
             The game lasted 00:02:06 (2092 turns).

SensoryNuts the Chopper (Hill Orc Monk)             Turns: 2092, Time: 00:02:07

Health: -6/60      AC: 22    Str: 15    XL:     4   Next: 31%
Magic:  4/4        EV:  2    Int: 10    God:
Gold:   174        SH:  0    Dex: 13    Spells: 3/3 levels left

rFire   . . .      SeeInvis .    a - +0 hand axe
rCold   . . .      Faith    .    (no shield)
rNeg    . . .      Spirit   .    (body armour currently unavailable)
rPois   +          Reflect  .    (helmet currently unavailable)
rElec   .          Harm     .    (cloak currently unavailable)
rCorr   .          Rampage  .    (gloves currently unavailable)
Will    .....      NoTele   +    (boots currently unavailable)
Stlth   ++........               (no amulet)
HPRegen 0.20/turn                (no ring)
MPRegen 0.09/turn                (no ring)

@: tree-form, slowed, very slow
A: stationary, stasis, torment immunity, boosted hp
a: no special abilities


You were on level 3 of the Dungeon.
You were a tree.
You visited 1 branch of the dungeon, and saw 3 of its levels.

You collected 174 gold pieces.

Inventory:

Hand Weapons
 a - a +0 hand axe (weapon)
Armour
 b - a +0 robe
 f - a +0 ring mail (melded)
Jewellery
 g - a ring of see invisible
Scrolls
 c - a scroll of teleportation
 e - 2 scrolls of fear
 h - a scroll of magic mapping
 i - a scroll of identify
Potions
 j - a potion of haste {unknown}
 k - a potion of curing {unknown}


   Skills:
 + Level 4.0 Fighting
 * Level 5.5 Axes
 + Level 1.1 Armour
 + Level 2.6 Dodging
 + Level 2.1 Stealth


You had 3 spell levels left.
You didn't know any spells.
Your spell library was empty.

Dungeon Overview and Level Annotations

Branches:
Dungeon (3/15)

Altars:
Sif Muna
Xom

Annotations:
D:3 Natasha


Message History

You are too injured to fight recklessly!
You are too injured to fight recklessly!
You are too injured to fight recklessly!
You are too injured to fight recklessly!
You are too injured to fight recklessly!
You are too injured to fight recklessly!
You are too injured to fight recklessly!
You are too injured to fight recklessly!
You are too injured to fight recklessly!
You are too injured to fight recklessly!
You are too injured to fight recklessly!
You are too injured to fight recklessly!
You are too injured to fight recklessly!
You are too injured to fight recklessly!
You are too injured to fight recklessly!
You are too injured to fight recklessly!
You are too injured to fight recklessly!
You are too injured to fight recklessly!
You are too injured to fight recklessly!
You are too injured to fight recklessly!
It was a potion of lignification.
You turn into a tree.
Your +0 ring mail melds into your body.
Your roots penetrate the ground.
Natasha zaps a wand.
The bolt of light hits you!
* * * LOW HITPOINT WARNING * * *
You completely miss Natasha.
Natasha is heavily wounded.
Natasha claws you but does no damage.
Okay, then.
You hit Natasha.
Natasha is almost dead.
Natasha zaps a wand.
The bolt of light hits you but does no damage.
You hit Natasha.
Natasha is almost dead.
Natasha stares at you and mumbles some strange words.
You feel yourself slow down.
You hit Natasha but do no damage.
Natasha is almost dead.
Natasha zaps a wand.
The bolt of light hits you!
You die...

#.......#
#.......#
#.......#
###.......#
.........#
#.......#
#..h.?..#
...##..♣....#
#.........##
######.##..#
#..........#
#..##..######
#..## #.##
#.# #.#


You could see Natasha.

Vanquished Creatures
  3 adders
  A dart slug (D:2)
  An orc (D:3)
  3 endoplasms
  2 giant cockroaches
  7 hobgoblins
  7 kobolds
  2 quokkas
  6 ball pythons
  6 bats
  2 frilled lizards
  3 goblins (D:1)
  6 rats
49 creatures vanquished.

Notes
Turn   | Place    | Note
-------+----------+-------------------------------------------
     0 | D:1      | SensoryNuts the Hill Orc Monk began the quest for the Orb.
     0 | D:1      | Reached XP level 1. HP: 19/19 MP: 1/1
   217 | D:1      | Reached XP level 2. HP: 10/27 MP: 2/2
   841 | D:2      | Reached XP level 3. HP: 33/33 MP: 3/3
   843 | D:2      | Reached skill level 5 in Axes
   948 | D:2      | Found a shimmering blue altar of Sif Muna.
  1584 | D:2      | Found a faded altar of an unknown god.
  1832 | D:3      | Found a shimmering altar of Xom.
  1867 | D:3      | Reached skill level 1 in Armour
  1867 | D:3      | Reached XP level 4. HP: 35/40 MP: 4/4
  2077 | D:3      | Noticed Natasha
  2088 | D:3      | HP: 1/60 [Natasha/bolt of light (13)]
  2092 | D:3      | Killed from afar by Natasha

Illustrated notes

Levels and vault maps discovered:
D:1:      lemuel_arrival_tunnels, layout_rooms, wad_floor_pattern_untrapped
D:2:      layout_loops_corners, basic_altar,
          chequers_ecumenical_altar_simple_redux, kennysheep_generic_room_7
D:3:      layout_rooms, lemuel_doored_altar,
          mainiacjoe_overflow_six_doors_small, chei_slow_surprise, uniq_natasha

Skill      XL: |  1  2  3 |
---------------+----------+-----
Axes           | 5 |  5.5
Fighting       | 4 |  4.0
Stealth        | 2 |  2.1
Armour         | 1 |  1.1
Dodging        | |  2.6

Action                   |  1- 3 |  4- 6 || total
-------------------------+-------+-------++-------
Melee: Hand axe          |   164 |    31 ||   195
       Punch             |     2 |       ||     2
  Use: Scroll            |     4 |       ||     4
       Potion            |     1 |     1 ||     2
 Stab: Sleeping          |     2 |       ||     2
Armor: Robe              |    11 |       ||    11
       Ring mail         |    63 |    13 ||    76
       Skin              |       |     2 ||     2
Dodge: Dodged            |   105 |    19 ||   124

Table legend: (Time is in decaauts)
 A = Elapsed time spent in this place.
 B = Non-inter-level travel time spent in this place.
 C = Inter-level travel time spent in this place.
 D = Time resting spent in this place.
 E = Time spent auto-exploring this place.
 F = Levels seen in this place.
 G = Mean time per level.
                   A        B        C        D        E       F      G
               +--------+--------+--------+--------+--------+-----+--------+
         Total |   2101 |   2027 |     74 |      0 |   1568 |   3 |  700.3 |
       Dungeon |   2101 |   2027 |     74 |      0 |   1568 |   3 |  700.3 |
               +--------+--------+--------+--------+--------+-----+--------+

Top non-repeatable levels by time:
     D:2: 991 daAuts
     D:1: 824 daAuts
     D:3: 286 daAuts
